 Dungeon Crawl Stone Soup version 0.28.0-43-g3370ac3207 (webtiles) character file.

Game seed: 857036468280076293

5 bromine the Cudgeller (level 1, 23/23 HPs)
             Began as a Gnoll Berserker on Mar 14, 2022.
             Was a Follower of Trog.
             Quit the game on level 1 of the Dungeon.
             The game lasted 00:00:40 (602 turns).

bromine the Cudgeller (Gnoll Berserker)              Turns: 602, Time: 00:00:41

Health: 23/23      AC:  2    Str: 16    XL:     1   Next: 80%
Magic:  1/1        EV: 13    Int:  6    God:    Trog [*.....]
Gold:   9          SH:  0    Dex: 11    Spells: 0/0 levels left

rFire   . . .      SeeInvis .   a - +0 mace
rCold   . . .      Faith    .   (no shield)
rNeg    . . .      Spirit   .   b - +0 animal skin
rPois   .          Reflect  .   (no helmet)
rElec   .          Harm     .   (no cloak)
rCorr   .          Rampage  .   (no gloves)
Will    .....                   (no boots)
Stlth   +.........              (no amulet)
HPRegen 0.07/turn               (no ring)
MPRegen 0.07/turn               (no ring)

@: no status effects
A: fangs 1, strong nose, distributed training
a: Renounce Religion, Berserk


You were on level 1 of the Dungeon.
You worshipped Trog.
Trog was aware of your devotion.
You visited 1 branch of the dungeon, and saw 1 of its levels.

You collected 9 gold pieces.

Inventory:

Hand Weapons
 a - a +0 mace (weapon)
Armour
 b - a +0 animal skin (worn)
Jewellery
 f - a ring of flight
 h - a ring of protection from cold
Scrolls
 e - a scroll of teleportation {unknown}
 g - a scroll of fear {unknown}
Potions
 c - a potion of ambrosia {unknown}
 d - a potion of curing {unknown}


   Skills:
 + Level 6.4 Fighting
 + Level 0.1 Short Blades
 + Level 0.1 Long Blades
 + Level 0.1 Axes
 + Level 6.4 Maces & Flails
 + Level 0.1 Polearms
 + Level 0.1 Staves
 + Level 0.1 Slings
 + Level 0.1 Bows
 + Level 0.1 Crossbows
 + Level 0.1 Throwing
 + Level 4.4 Armour
 + Level 4.4 Dodging
 + Level 0.1 Stealth
 + Level 0.1 Shields
 + Level 0.1 Unarmed Combat
 + Level 0.1 Spellcasting
 + Level 0.1 Conjurations
 + Level 0.1 Hexes
 + Level 0.1 Summonings
 + Level 0.1 Necromancy
 + Level 0.1 Translocations
 + Level 0.1 Transmutations
 + Level 0.1 Fire Magic
 + Level 0.1 Ice Magic
 + Level 0.1 Air Magic
 + Level 0.1 Earth Magic
 + Level 0.1 Poison Magic
 + Level 0.2 Invocations
 + Level 0.1 Evocations


You couldn't memorise any spells.
You didn't know any spells.
Your spell library was empty.

Dungeon Overview and Level Annotations

Branches:
Dungeon (1/15)

Altars:


Innate Abilities, Weirdness & Mutations

You have very sharp teeth.
Your uncanny sense of smell can sniff out nearby items.
Your experience applies equally to all skills.


Message History

Trog accepts your kill. The kobold hits you with a +0 whip.
* * * LOW HITPOINT WARNING * * *
The kobold hits you with a +0 whip.
* * * LOW HITPOINT WARNING * * *
You see here a rat corpse.
You hit the kobold.
The kobold is severely wounded.
The kobold closely misses you.
You completely miss the kobold.
The kobold is severely wounded.
The kobold hits you but does no damage.
You miss the kobold. You bite the kobold.
You kill the kobold!
Trog accepts your kill.
You see here a +0 whip.
You see here a rat corpse.
You start resting.
You start resting.
You start resting.
HP restored.
You start waiting.
Done waiting.
You see here a rat skeleton.
You see here a +0 whip.
A kobold comes into view. It is wielding a +0 short sword.
A kobold is nearby!
A kobold is nearby!
A kobold is nearby!
You barely miss the kobold. The kobold barely misses you.
You hit the kobold.
You kill the kobold!
Trog accepts your kill.
You see here a +0 short sword.
Found 19 stones.
Found a scratched sapphire ring.
You see here 19 stones.
h - a ring of protection from cold
There are no items here.
Are you sure you want to abandon this character and quit the game? (Confirm with "yes".)

#.#..# #....
#...# ##...#
#....# #...#
#...#
############@..#
...............#
#######........#
#(####.### #.#
#...#
#.######.##
#....)....#
########..# #..#


There were no monsters in sight!

Vanquished Creatures
  A hobgoblin (D:1)
  A quokka (D:1)
  2 kobolds (D:1)
  A rat (D:1)
5 creatures vanquished.

Notes
Turn   | Place    | Note
-------+----------+-------------------------------------------
     0 | D:1      | bromine the Gnoll Berserker began the quest for the Orb.
     0 | D:1      | Reached XP level 1. HP: 23/23 MP: 1/1
   602 | D:1      | Quit the game

Illustrated notes

Levels and vault maps discovered:
D:1:      ebering_trefoil_3fold, layout_loops_ring, minmay_pentomino_u4

Action                   || total
-------------------------++-------
Melee: Mace              ||    21
       Bite              ||     2
Armor: Animal skin       ||     5
Dodge: Dodged            ||    10
